 Dungeon Crawl Stone Soup version 0.28-a0-1510-gd0f6b136d3 (webtiles) character file.

Game seed: 2433350700278699162

757 croobank the Sneak (level 7, -7/41 HPs)
             Began as an Octopode Summoner on Jan 16, 2022.
             Was an Initiate of Hepliaklqana.
             Shot with an arrow by a centaur (14 damage)
             ... on level 5 of the Dungeon.
             The game lasted 00:21:12 (5079 turns).

croobank the Sneak (Octopode Summoner)              Turns: 5079, Time: 00:21:13

Health: -7/41      AC:  1    Str: 10    XL:     7   Next: 79%
Magic:  5/13       EV: 14    Int: 17    God:    Hepliaklqana [......]
Gold:   107        SH:  0    Dex: 12    Spells: 5/14 levels left

rFire   + . .      SeeInvis .   a - +1 trident (venom)
rCold   . . .      Faith    .   (no shield)
rNeg    . . .      Spirit   .   (helmet restricted)
rPois   .          Reflect  .   (no amulet)
rElec   .          Harm     .   l - ring of willpower
rCorr   .          Rampage  .   p - ring of protection from fire
Will    +....                   (no ring)
Stlth   ++++......              (no ring)
HPRegen 0.13/turn               (no ring)
MPRegen 0.13/turn               (no ring)
                                (no ring)
                                (no ring)

@: hasted, very quick
A: almost no armour, amphibious, 8 rings, camouflage 1, gelatinous body 1,
(nimble swimmer 1), tentacles
a: Renounce Religion


You were on level 5 of the Dungeon.
You worshipped Hepliaklqana.
Hepliaklqana was noncommittal.
You visited 2 branches of the dungeon, and saw 6 of its levels.

You collected 107 gold pieces.

Inventory:

Hand Weapons
 a - a +1 trident of venom (weapon)
 b - a +0 hunting sling
 j - a +0 flail
 k - a +2 dagger of venom
 t - a +0 scythe
 u - a +3 mace of holy wrath
Missiles
 c - 116 stones
 d - 57 bolts
 g - 22 arrows
 n - 3 curare-tipped darts
 s - 15 sling bullets
Jewellery
 e - an amulet of faith
 l - a ring of willpower (left tentacle)
 p - a ring of protection from fire (right tentacle)
Scrolls
 h - 2 scrolls of fear
 r - a scroll of teleportation
Potions
 f - a potion of attraction {unknown}
 m - 2 potions of mutation
 o - 2 potions of ambrosia {unknown}
 q - a potion of flight {unknown}


   Skills:
 + Level 4.5 Dodging
 + Level 6.4 Stealth
 + Level 4.2 Spellcasting
 + Level 5.8 Summonings


You had 5 spell levels left.
You knew the following spells:

 Your Spells              Type           Power      Damage    Failure   Level
a - Summon Small Mammal   Summ           92%        N/A       1%          1
b - Call Imp              Summ           23%        N/A       2%          2
c - Call Canine Familiar  Summ           23%        N/A       4%          3
d - Summon Guardian Gole  Hex/Summ       13%        N/A       14%         3

Your spell library contained the following spells:

 Spells                   Type           Power      Damage    Failure   Level
 Animate Skeleton         Necr           6%         N/A       16%         1
 Apportation              Tloc           6%         N/A       16%         1
 Static Discharge         Conj/Air       3%         N/A       24%         2
 Summon Lightning Spire   Summ/Air       13%        N/A       43%         4
 Lightning Bolt           Conj/Air       1%         1d12      99%         5
 Maxwell's Capacitive Co  Air            1%         ∞         100%        8


Dungeon Overview and Level Annotations

Branches:
Dungeon (5/15)             Temple (1/1) D:4

Altars:
Ashenzari
Cheibriados
Elyvilon
Hepliaklqana
Kikubaaqudgha
Okawaru
Ru
Sif Muna
Trog
Uskayaw
Yredelemnul
Zin

Shops:
D:2 [

Annotations:
D:3 1 runed translucent door, Crazy Yiuf


Innate Abilities, Weirdness & Mutations

You cannot wear most types of armour.
You are amphibious.
You can wear up to eight rings at the same time.
Your skin changes colour to match your surroundings (Stealth+).
Your rubbery body absorbs attacks. (AC +1, EV +1)
((You are camouflaged when in or above water. (Stealth+)))
You have tentacles for arms and can constrict up to eight enemies at once.


Message History

You feel yourself slow down.
Your shadow imp hits the hornet but does no damage.
The hornet misses you.
Your quokka closely misses the hornet.
You release your grip on the hornet.
You feel yourself speed up. The hornet closely misses you.
Your shadow imp gestures at the hornet.
The hornet writhes in agony.
Your quokka closely misses the hornet.
Found a book of Burglary.
The hornet barely misses your shadow imp.
A centaur comes into view.
Your shadow imp misses the hornet.
Your quokka bites the hornet.
Casting: Summon Guardian Golem (dangerous; 16% risk of failure)
Confirm with . or Enter, or press ? or * to list all spells.
The centaur shouts!
The hornet stings your shadow imp!
Your shadow imp dies!
Your shadow imp disappears in a puff of smoke!
The centaur wields a +0 shortbow.
The centaur shoots an arrow.
The arrow completely misses you.
Your quokka closely misses the hornet.
As you read the scroll labelled MYRUSA VAAM, it crumbles to dust.
You feel strangely unstable.
It was a scroll of teleportation.
The centaur shoots an arrow.
The arrow hits your bat!
Your bat dies!
Your bat's corpse disappears in a puff of smoke!
Your guardian golem overheats!
The hornet misses you.
You puncture the hornet!
The hornet looks as sick as possible!
You grab the hornet.
The hornet is almost dead.
You constrict the hornet.
You kill the hornet!
The centaur shoots an arrow.
The arrow closely misses you.
Your Stealth skill increases to level 6!
Your Spellcasting skill increases to level 4!
You feel better.
The centaur shoots an arrow.
The arrow hits you!
* * * LOW HITPOINT WARNING * * *
Your surroundings suddenly seem different.
The centaur shoots an arrow.
The arrow hits you!
You die...

#######
#.....#
#.....#
#.....#
#@....#
#.....#
#.....#
#:.c..#
#.....#
#.....########
.............#
.............#
........9....#


You could see a centaur.

Vanquished Creatures
  A hornet (D:5)
  Sigmund (D:3)
  A water moccasin skeleton (D:4)
  A hound (D:4)
  An orc priest (D:3)
  Terence (D:3)
  2 iguanas (D:4)
  A gnoll (D:3)
  An adder (D:3)
  An adder skeleton (D:4)
  3 worms (D:2)
  A dart slug (D:2)
  7 orcs
  A ball python (D:2)
  3 endoplasms
  3 giant cockroaches
  4 goblins
  5 hobgoblins
  3 bats
  8 frilled lizards
  3 kobolds
  2 rats (D:3)
  A bush (D:4)
55 creatures vanquished.

Vanquished Creatures (collateral kills)
  A water moccasin (D:5)
  2 gnolls (D:3)
  A white imp (D:4)
  A worm (D:2)
  3 orcs (D:3)
  An endoplasm (D:3)
  A frilled lizard (D:2)
10 creatures vanquished.

Grand Total: 65 creatures vanquished

Notes
Turn   | Place    | Note
-------+----------+-------------------------------------------
     0 | D:1      | croobank the Octopode Summoner began the quest for the Orb.
     0 | D:1      | Reached XP level 1. HP: 11/11 MP: 3/3
   338 | D:1      | Found a faded altar of an unknown god.
   597 | D:2      | Reached skill level 3 in Stealth
   597 | D:2      | Reached XP level 2. HP: 17/17 MP: 1/5
   893 | D:2      | Learned a level 2 spell: Call Imp
   979 | D:2      | Reached XP level 3. HP: 12/21 MP: 6/6
  1521 | D:2      | Found Zaula's Armour Shoppe.
  1549 | D:2      | Found a bloodstained altar of Trog.
  2047 | D:3      | Found an ancient bone altar of Kikubaaqudgha.
  2057 | D:3      | Found an iron altar of Okawaru.
  2259 | D:3      | Learned a level 3 spell: Call Canine Familiar
  2500 | D:3      | Reached XP level 4. HP: 27/27 MP: 7/7
  2568 | D:3      | Noticed Sigmund
  2618 | D:3      | Killed Sigmund
  2619 | D:3      | Reached skill level 4 in Stealth
  2619 | D:3      | Reached XP level 5. HP: 11/31 MP: 1/9
  2619 | D:3      | Reached XP level 6. HP: 13/36 MP: 1/10
  2853 | D:3      | Found a runed translucent door.
  2854 | D:3      | Noticed Crazy Yiuf
  2907 | D:3      | Reached skill level 5 in Summonings
  2919 | D:3      | Reached skill level 5 in Stealth
  3176 | D:3      | Noticed Terence
  3199 | D:3      | Killed Terence
  3470 | D:4      | Found a staircase to the Ecumenical Temple.
  3478 | Temple   | Entered the Ecumenical Temple
  3517 | Temple   | Became a worshipper of Hepliaklqana the Forgotten
  4099 | D:4      | Learned a level 3 spell: Summon Guardian Golem
  4267 | D:4      | Reached XP level 7. HP: 40/41 MP: 12/12
  5056 | D:5      | Entered Level 5 of the Dungeon
  5056 | D:5      | Noticed a hornet
  5077 | D:5      | Killed a hornet
  5078 | D:5      | Reached skill level 6 in Stealth
  5079 | D:5      | Shot with an arrow by a centaur

Illustrated notes

Levels and vault maps discovered:
D:1:      dpeg_arrival_orchard, layout_basic,
          chequers_ecumenical_altar_simple_redux, minmay_misc_feat_tower,
          chequers_serial_rivers_micro_d, nicolae_wormholes
D:2:      layout_loops_cross, basic_altar, serial_shops, shop,
          minmay_lizard_pond
D:3:      layout_loops_corners, mainiacjoe_overflow_brackets,
          lemuel_doored_altar, uniq_sigmund, uniq_crazy_yiuf_cottage,
          uniq_terence
D:4:      layout_basic, minmay_temple_entry_large_hall, minmay_hedge_maze
D:5:      cheibrodos_quashed, layout_gridville, bloody_makhleb,
          mainiacjoe_overflow_cross_hatched, kennysheep_mini, enter_ossuary_4
Temple:   minmay_temple_curvy_loop

Skill      XL: |  1  2  3  4  5  6  7 |
---------------+----------------------+-----
Stealth        | 3 4 5 6 |  6.4
Dodging        | 3 4 |  4.5
Spellcasting   | 3 4 |  4.2
Summonings     | 5 |  5.8

Action                   |  1- 3 |  4- 6 |  7- 9 || total
-------------------------+-------+-------+-------++-------
Melee: Dagger            |    61 |    12 |       ||    73
       Unarmed           |     9 |       |       ||     9
       Constrict         |    18 |    13 |     4 ||    35
       Tentacles         |    15 |    10 |    14 ||    39
       Trident           |       |    21 |    38 ||    59
       Punch             |       |     1 |       ||     1
 Cast: Summon Small Mamm |    11 |    12 |     2 ||    25
       Call Imp          |     5 |     4 |     1 ||    10
       Call Canine Famil |     1 |     6 |     2 ||     9
       Summon Guardian G |       |     1 |     1 ||     2
  Use: Scroll            |     3 |       |     2 ||     5
       Potion            |       |     3 |     3 ||     6
 Stab: Sleeping          |    11 |     1 |     2 ||    14
       Distracted        |     1 |       |     1 ||     2
Armor: Skin              |     6 |     1 |     4 ||    11
Dodge: Dodged            |    32 |    23 |    22 ||    77

Table legend: (Time is in decaauts)
 A = Elapsed time spent in this place.
 B = Non-inter-level travel time spent in this place.
 C = Inter-level travel time spent in this place.
 D = Time resting spent in this place.
 E = Time spent auto-exploring this place.
 F = Levels seen in this place.
 G = Mean time per level.
                   A        B        C        D        E       F      G
               +--------+--------+--------+--------+--------+-----+--------+
         Total |   5076 |   4916 |    160 |    907 |   3224 |   6 |  846.0 |
       Dungeon |   4852 |   4725 |    127 |    907 |   3051 |   5 |  970.4 |
        Temple |    223 |    190 |     33 |      0 |    173 |   1 |  223.0 |
               +--------+--------+--------+--------+--------+-----+--------+

Top non-repeatable levels by time:
     D:3: 1610 daAuts
     D:4: 1444 daAuts
     D:2: 1182 daAuts
     D:1: 590 daAuts
  Temple: 223 daAuts
     D:5: 24 daAuts
